 Dungeon Crawl Stone Soup version 0.31.0-11-ge490571c62 (webtiles) character file.

Game seed: 4009648041527930518

30 Flugkiller the Chiller (level 3, -2/16 HPs)
             Began as a Vine Stalker Ice Elementalist on Feb 1, 2024.
             Slain by Ijyb
             ... wielding a +1 antimagic dagger
              (4 damage)
             ... on level 3 of the Dungeon.
             The game lasted 00:01:23 (252 turns).

Flugkiller the Chiller (VSIE)                        Turns: 252, Time: 00:01:23

Health: -2/16      AC:  2    Str: 10    XL:     3   Next: 20%
Magic:  0/8        EV: 12    Int: 17    God:
Gold:   27         SH:  0    Dex: 14    Spells: 7/8 levels left

rFire   . . .        c - +4 dagger
rCold   . . .        (no shield)
rNeg    . . .        a - +0 robe
rPois   .            (no helmet)
rElec   .            (no cloak)
rCorr   .            (no gloves)
SInv    .            (no boots)
Will    .....        (no amulet)
Stlth   ++           (no ring)
HPRegen 1.02/turn    (no ring)
MPRegen 0.11/turn

%: guardian spirit
@: no status effects
A: fangs 2, regeneration 1, magic shield, antimagic bite, no potion heal 2
a: no special abilities


You were on level 3 of the Dungeon.
You visited 1 branch of the dungeon, and saw 3 of its levels.

You collected 27 gold pieces.

Inventory:

Hand Weapons
 c - a +4 dagger (weapon)
   (You found it on level 1 of the Dungeon)
 f - a +1 dagger of venom
   (You took it off a kobold on level 1 of the Dungeon)
Armour
 a - a +0 robe (worn)
 g - a scarf of invisibility
   (You found it on level 1 of the Dungeon)
Scrolls
 e - a scroll of brand weapon {unknown}
 i - a scroll of enchant armour {unknown}
 j - a scroll of teleportation {unknown}
Potions
 b - 2 potions of magic
 d - 2 potions of brilliance {unknown}
 h - a potion of enlightenment {unknown}
 k - a potion of degeneration {unknown}


   Skills:
 - Level 1.5 Dodging
 - Level 2.4 Stealth
 + Level 3.0 Spellcasting
 + Level 4.5 Ice Magic


You had 7 spell levels left.
You knew the following spells:

 Your Spells              Type           Power      Damage    Failure   Level
a - Freeze                Ice            72%        1d8       2%          1

Your spell library contained the following spells:

 Spells                   Type           Power      Damage    Failure   Level
 Frozen Ramparts          Ice            36%        1d6       9%          3
 Ozocubu's Armour         Ice            18%        N/A       9%          3
 Summon Ice Beast         Ice/Summ       10%        N/A       21%         3


Dungeon Overview and Level Annotations

Branches:
Dungeon (3/15) Zot: 17748

Altars:

Annotations:
D:3 Ijyb


Innate Abilities, Weirdness & Mutations

You have extremely sharp teeth.
Your natural rate of healing is unusually fast.
When hurt, damage is shared between your health and your magic reserves.
Your bite disrupts and absorbs the magic of your enemies.
Potions cannot restore your health.


Message History

As you open the door, it creaks loudly!
There is an open door here.
Found a scroll labelled ZIGANY GUIMY.
A goblin comes into view. It is wielding a +0 dagger.
Found a clear potion.
An endoplasm comes into view.
The endoplasm quivers.
The goblin shouts!
You hear a loud squeak.
A rat comes into view.
Casting: Freeze (safe; 2% risk of failure)
Confirm with . or Enter, or press ? or * to list all spells.
Aiming: Freeze (safe; 2% risk of failure)
Press: ? - help, Shift-Dir - straight line, f - endoplasm
Aim: an endoplasm You freeze the endoplasm!
You kill the endoplasm!
The goblin hits you with a +0 dagger.
You hit the goblin.
The goblin is severely wounded.
The goblin hits you with a +0 dagger.
You hit the goblin.
You kill the goblin!
You hit the rat.
You kill the rat!
j - a scroll labelled ZIGANY GUIMY
Things that are here:
a +0 dagger; a +0 robe; a goblin corpse
k - a clear potion
Found a stone staircase leading down.
There is a stone staircase leading down here.
You climb downwards.
The goblin shouts! x2; Ijyb shouts!
Found a scroll labelled ULOPNO QONAQ.
Found a stone staircase leading down.
There is a stone staircase leading up here.
Unknown command.
Press: ? - help, v - describe, . - travel
Here: Ijyb, wielding a +1 antimagic dagger, wearing a +0 ring mail and carrying a wand of charming The floor.
Unknown command.
Unknown command.
Unknown command.
The goblin shoots a sling bullet.
The sling bullet hits you.
A goblin comes into view. It is wielding a +0 sling.
The goblin shouts!
Unknown command.
Ijyb zaps a wand.
You resist with some effort.
The goblin shoots a sling bullet.
The sling bullet hits you.
Found 12 gold pieces.
The goblin shoots a sling bullet.
The sling bullet closely misses you.
Ijyb zaps a wand.
Your will is overpowered!
You are confused.
The goblin shoots a sling bullet.
The sling bullet hits you but does no damage.
Ijyb zaps a wand.
Your will is overpowered!
You are more confused.
The goblin shoots a sling bullet.
The sling bullet hits you.
Ijyb zaps a wand.
Your will is overpowered!
You are more confused.
You bump into the rock wall.
You bump into the rock wall.
You're too confused to move!
Ijyb zaps a wand.
Your will is overpowered!
You are more confused.
Found an escape hatch in the ceiling.
You bump into the rock wall.
Ijyb zaps a wand.
You resist with some effort.
Ijyb zaps a wand.
You resist with some effort.
You bump into the rock wall.
You bump into the rock wall.
Ijyb hits you with a +1 antimagic dagger.
You feel your power leaking away.
The goblin unwields a +0 sling.
The goblin closely misses you.
The goblin shoots a sling bullet.
The sling bullet closely misses you.
Ijyb zaps a wand.
You resist with some effort.
The goblin wields a +0 sling.
The goblin shoots a sling bullet.
The sling bullet closely misses you.
The goblin shoots a sling bullet.
The sling bullet closely misses you.
The goblin shoots a sling bullet.
The sling bullet hits you.
Ijyb zaps a wand.
You resist with some effort.
The goblin shoots a sling bullet.
The sling bullet barely misses you.
The goblin shoots a sling bullet.
The sling bullet closely misses you.
Ijyb zaps a wand.
You resist with some effort.
An orc comes into view. It is wielding a +0 short sword.
The orc shouts!
The goblin shoots a sling bullet.
The sling bullet hits you.
The goblin shoots a sling bullet.
The sling bullet misses you.
The goblin shoots a sling bullet.
The sling bullet hits you.
The goblin shoots a sling bullet.
The sling bullet hits you.
The goblin shoots a sling bullet.
The sling bullet hits you. Ijyb barely misses you.
The goblin shoots a sling bullet.
The sling bullet closely misses you.
The goblin shoots a sling bullet.
The sling bullet barely misses you.
The goblin shoots a sling bullet.
The sling bullet misses you.
The goblin shoots a sling bullet.
The sling bullet hits you.
The goblin shoots a sling bullet.
The sling bullet completely misses you. Ijyb barely misses you.
You feel less confused.
The goblin shoots a sling bullet.
The sling bullet hits you.
* * * LOW HITPOINT WARNING * * *
The orc attacks as it pursues you! The orc hits you with a +0 short sword.
* * * LOW HITPOINT WARNING * * *
Ijyb hits you with a +1 antimagic dagger.
You die...

#...###.## ######.#
#.?.....#####......##
#..####....##.....<..
#.$........##........
.#####........#
......##.....#
########.g.g.#
#.g.g.#
#...@g######.#
#....o........
#.............
######........
#........ ###.#####
.# .# .#


You could see Ijyb, an orc and 4 goblins.

Vanquished Creatures
  A gnoll (D:1)
  A ball python (D:1)
  6 endoplasms
  A giant cockroach (D:1)
  4 goblins
  2 jackals (D:1)
  A kobold (D:1)
  A rat (D:2)
17 creatures vanquished.

Notes
Turn   | Place    | Note
-------+----------+-------------------------------------------
     0 | D:1      | Flugkiller the Vine Stalker Ice Elementalist began the
                  | quest for the Orb.
     0 | D:1      | Reached XP level 1. HP: 9/9 MP: 4/4
    27 | D:1      | You fall into a shaft and drop 1 floor!
   105 | D:1      | Reached XP level 2. HP: 13/13 MP: 3/6
   136 | D:1      | Reached XP level 3. HP: 16/16 MP: 5/8
   223 | D:3      | Noticed Ijyb
   252 | D:3      | Slain by Ijyb

Illustrated notes

Levels and vault maps discovered:
D:1:      minmay_arrival_hallway, layout_rooms, minmay_rat_gold_closets
D:2:      layout_basic, hellmonk_ecumenical_altar_inner_sanctum
D:3:      minmay_goblin_kobold_castle, layout_basic, nzn_wu_jian_contemplation,
          uniq_jessica, uniq_ijyb

Skill      XL: |  1  2  3 |
---------------+----------+-----
Spellcasting   | 3 |  3.0
Dodging        | |  1.5
Stealth        | |  2.4
Ice Magic      | |  4.5

Action                     || total
---------------------------++-------
  Melee: Dagger            ||    22
         Bite              ||     6
         Punch             ||     1
   Cast: Freeze            ||    11
   Stab: Sleeping          ||     1
 Armour: Robe              ||    31
  Dodge: Dodged            ||    29
